 Dungeon Crawl Stone Soup version 0.30.1-1-g62c8e00024 (webtiles) character file.

Game seed: 5453781400606124610

46 Arctor the Firebug (level 3, -7/29 (31) HPs)
             Began as an Ogre Fire Elementalist on July 16, 2023.
             Mangled by Crazy Yiuf
             ... wielding a +3 quarterstaff of chaos
              (13 damage)
             ... on level 2 of the Dungeon.
             The game lasted 00:03:30 (1478 turns).

Arctor the Firebug (Ogre Fire Elementalist)         Turns: 1478, Time: 00:03:30

HP:   -7/29 (31)    AC:  3    Str: 12    XL:     3   Next: 68%
MP:   4/7           EV: 10    Int: 18    God:
Gold: 142           SH:  0    Dex:  9    Spells: 4/7 levels left

rFire   . . .        (no weapon)
rCold   . . .        (no shield)
rNeg    . . .        a - +0 robe
rPois   .            (helmet restricted)
rElec   .            (no cloak)
rCorr   .            (gloves unavailable)
SInv    .            (boots unavailable)
Will    .....        e - amulet of magic regeneration
Stlth   ++           (no ring)
HPRegen 0.24/turn    (no ring)
MPRegen 0.50/turn

%: no passive effects
@: very slightly contaminated, drained
A: large, unfitting armour, tough skin 1
a: no special abilities


You were on level 2 of the Dungeon.
You visited 1 branch of the dungeon, and saw 2 of its levels.

You collected 142 gold pieces.

Inventory:

Armour
 a - a +0 robe (worn)
 l - an orb of mayhem
Jewellery
 e - an amulet of magic regeneration (around neck)
Scrolls
 f - a scroll of magic mapping
 g - a scroll of enchant armour
 i - 2 scrolls of fog
 k - a scroll of summoning {unknown}
 m - a scroll of identify
Potions
 b - a potion of magic
 c - 2 potions of curing
 d - a potion of brilliance {unknown}
 h - a potion of attraction {unknown}
 j - a potion of might {unknown}


   Skills:
 + Level 2.2 Dodging
 + Level 1.8 Stealth
 + Level 2.9 Spellcasting
 + Level 1.5 Conjurations
 + Level 3.0 Fire Magic


You had 4 spell levels left.
You knew the following spells:

 Your Spells              Type           Power      Damage    Failure   Level
a - Foxfire               Conj/Fire      40%        2x1d6     6%          1
b - Scorch                Fire           26%        2d6       7%          2

Your spell library contained the following spells:

 Spells                   Type           Power      Damage    Failure   Level
 Inner Flame              Hex/Fire       8%         N/A       26%         3
 Volatile Blastmotes      Fire/Tloc      16%        2d11      26%         3
 Flame Wave               Conj/Fire      10%        2d6       54%         4


Dungeon Overview and Level Annotations

Branches:
Dungeon (2/15)

Altars:

Annotations:
D:2 Crazy Yiuf


Innate Abilities, Weirdness & Mutations

You are too large for most types of armour.
You have tough skin. (AC +1)


Message History

Could not explore, unopened runed door.
Could not explore, unopened runed door.
No reachable target in view!
You open the door.
Crazy Yiuf shouts!
Casting: Scorch (safe; 7% risk of failure)
Confirm with . or Enter, or press ? or * to list all spells.
Flames lash Crazy Yiuf.
Crazy Yiuf is lightly wounded.
Crazy Yiuf's fire resistance burns away.
Casting: Scorch (safe; 7% risk of failure)
Confirm with . or Enter, or press ? or * to list all spells.
You conjure some foxfire!
Crazy Yiuf barely misses you.
You barely miss Crazy Yiuf.
Crazy Yiuf is lightly wounded.
Crazy Yiuf is no longer more vulnerable to fire.
Crazy Yiuf hits you with a +3 quarterstaff of chaos!
Your foxfire dissipates!
Crazy Yiuf attacks as you move away!
Crazy Yiuf hits you with a +3 quarterstaff of chaos.
Crazy Yiuf burns you.
Casting: Foxfire (safe; 6% risk of failure)
Confirm with . or Enter, or press ? or * to list all spells.
Flames lash Crazy Yiuf.
Crazy Yiuf is moderately wounded.
Crazy Yiuf's fire resistance burns away.
Crazy Yiuf hits you with a +3 quarterstaff of chaos!
* * * LOW HITPOINT WARNING * * *
You feel drained.
* * * LOW HITPOINT WARNING * * *
Crazy Yiuf says, "Liver rumpyflump song!"
Casting: Scorch (safe; 7% risk of failure)
Confirm with . or Enter, or press ? or * to list all spells.
You miscast Scorch.
You are very lightly contaminated with residual magic.
Nothing appears to happen.
Crazy Yiuf is no longer more vulnerable to fire.
Crazy Yiuf whimpers, "Tosser shoe horse!"
Crazy Yiuf hits you with a +3 quarterstaff of chaos!
You die...

#....##########################..
#)...##...†......................
#.......#######################..
#....#..# #.. #....#..# ####..
#....#..# #.##.. #......##
####### #.####
#.....#######...#g### ### #.†...
##.......##.....@#..##...# #.....
#..####.#......####.'...# #.....
#>.........#..## ###..)# #.....
#...###.####### ### #..... #...#
#.# #..... #...# #.#### #.....
#...# #....##### ##.....
#...###.......(# #......
#..............# #......


You could see Crazy Yiuf.

Vanquished Creatures
  An adder (D:2)
  A dart slug (D:2)
  A ball python (D:1)
  3 bats
  4 endoplasms (D:2)
  2 giant cockroaches
  A goblin (D:2)
  3 hobgoblins
  4 quokkas
  3 frilled lizards
  4 kobolds
  5 rats
32 creatures vanquished.

Vanquished Creatures (others)
  99 foxfires
99 creatures vanquished.

Grand Total: 131 creatures vanquished

Notes
Turn   | Place    | Note
-------+----------+-------------------------------------------
     0 | D:1      | Arctor the Ogre Fire Elementalist began the quest for the
                  | Orb.
     0 | D:1      | Reached XP level 1. HP: 16/16 MP: 3/3
   114 | D:1      | Reached skill level 1 in Conjurations
   172 | D:1      | Reached XP level 2. HP: 24/24 MP: 2/5
   649 | D:1      | Learned a level 2 spell: Scorch
   738 | D:2      | Reached XP level 3. HP: 31/31 MP: 5/7
   914 | D:2      | Reached skill level 3 in Fire Magic
  1344 | D:2      | Found a runed translucent door.
  1345 | D:2      | Noticed Crazy Yiuf
  1423 | D:2      | Found a faded altar of an unknown god.
  1478 | D:2      | Mangled by Crazy Yiuf

Illustrated notes

Levels and vault maps discovered:
D:1:      minmay_arrival_open_corners, layout_basic
D:2:      layout_basic, dilly_ecumenical_altar_fadedgnrine,
          uniq_crazy_yiuf_cottage

Skill      XL: |  1  2  3 |
---------------+----------+-----
Conjurations   | 1 |  1.5
Dodging        | 2 |  2.2
Fire Magic     | 3 |  3.0
Stealth        | |  1.8
Spellcasting   | |  2.9

Action                     || total
---------------------------++-------
  Melee: Unarmed           ||    37
   Cast: Foxfire           ||    75
         Scorch            ||    10
    Use: Scroll            ||     5
   Stab: Sleeping          ||     1
 Armour: Robe              ||    16
  Dodge: Dodged            ||    16
